 Dungeon Crawl Stone Soup version 0.21-a0-522-ga8338f0 (webtiles) character file.

436 slep the Covered (level 6, -1/53 HPs)
             Began as a Minotaur Fighter on Dec 7, 2017.
             Slain by an orc wizard
             ... wielding a +0 dagger
              (4 damage)
             ... on level 5 of the Dungeon.
             The game lasted 00:13:25 (2386 turns).

slep the Covered (Minotaur Fighter)                 Turns: 2386, Time: 00:13:25

Health: -1/53      AC: 10    Str: 22    XL:     6   Next: 69%
Magic:  5/5        EV:  8    Int:  5    God:
Gold:   196        SH: 10    Dex: 10    Spells: 5/5 levels left

rFire    . . .     SeeInvis .   a - +0 war axe
rCold    . . .     Gourm    .   c - +0 shield
rNeg     . . .     Faith    .   b - +0 scale mail
rPois    .         Spirit   .   (helmet restricted)
rElec    .         Reflect  .   (no cloak)
rCorr    .         Harm     .   (no gloves)
MR       .....                  B - +2 pair of boots
Stlth    ..........             (no amulet)
HPRegen  0.17/turn              (no ring)
MPRegen  0.09/turn              (no ring)

@: no status effects
A: retaliatory headbutt, horns 2
a: no special abilities


You were on level 5 of the Dungeon.
You were not hungry.

You visited 1 branch of the dungeon, and saw 5 of its levels.

You collected 196 gold pieces.

Inventory:

Hand Weapons
 a - a +0 war axe (weapon)
 o - a +1 flail of crushing
Armour
 b - a +0 scale mail (worn)
 c - a +0 shield (worn)
 B - a +2 pair of boots (worn)
Jewellery
 u - an uncursed amulet of regeneration {unknown}
Wands
 w - a wand of disintegration (14)
Scrolls
 e - a scroll of teleportation {unknown}
 h - a scroll of amnesia {unknown}
 i - 3 scrolls of enchant armour {unknown}
 m - 2 scrolls of immolation {unknown}
 p - 7 scrolls of identify {unknown}
 s - a scroll of remove curse {unknown}
 t - a scroll of enchant weapon {unknown}
 y - a scroll of fog {unknown}
Potions
 d - 2 potions of might
 g - 2 potions of mutation {unknown}
 k - a potion of ambrosia {unknown}
 l - 2 potions of curing {unknown}
 n - a potion of heal wounds {unknown}
 q - 2 potions of flight {unknown}
 r - a potion of degeneration {unknown}
 x - a potion of lignification {unknown}
 z - a potion of berserk rage {unknown}
Comestibles
 f - 3 bread rations
 j - 3 royal jellies
 v - a meat ration
 A - 2 chunks of flesh


   Skills:
 + Level 4.7 Fighting
 + Level 5.1 Axes
 + Level 5.6 Armour
 + Level 1.5 Dodging
 + Level 5.4 Shields


You had 5 spell levels left.
You didn't know any spells.

Dungeon Overview and Level Annotations

Branches:
Dungeon (5/15)             Temple (0/1) D:4

Altars:
Cheibriados
Xom

Annotations:
D:3 bees's ghost, amateur DrBe
D:4 1 runed door


Innate Abilities, Weirdness & Mutations

You reflexively headbutt those who attack you in melee.
You have a pair of horns on your head.


Message History

You closely miss something. Your headbutt misses something.
Something hits you but does no damage.
The orc throws a stone. x2
You block the stone.
You closely miss something.
You hear some strange, mumbled words.
A puff of frost appears from out of thin air!
The puff of frost hits you!
* * * LOW HITPOINT WARNING * * *
You hear some strange, mumbled words.
A puff of flame appears from out of thin air!
The puff of flame hits you!
* * * LOW HITPOINT WARNING * * *
You hit something but do no damage. Something hits you.
* * * LOW HITPOINT WARNING * * *
Something hits you but does no damage.
The orc throws a stone.
You barely miss something.
You hear some strange, mumbled words.
A magic dart appears from out of thin air!
The magic dart hits you! Something hits you.
You die...

### .# ..# #.# #.# ...
#.# #.# #### #.# #.###
#... #o# #.#.# #.##
#(#####..#.####รท##
#.###@#.....###.......
#....(..###..#...##.#.
###.##### #.#.##......
#. ###.#....##... .
#.(..)..>...## #.
#.#(.....##.## #
#.#####..##... #
#....... #..##.#.


You could see an orc.

Vanquished Creatures
  A wyvern skeleton (D:3)
  2 orc priests (D:5)
  An orc wizard (D:5)
  2 iguanas
  2 worker ants
  A howler monkey zombie (D:5)
  Robin (D:3)
  7 adders
  An ooze (D:3)
  2 worms
  2 dart slugs (D:2)
  2 leopard geckos
  5 orcs
  3 giant cockroaches
  19 goblins
  7 hobgoblins
  9 jackals
  4 quokkas (D:3)
  A ball python (D:1)
  3 bats (D:1)
  8 frilled lizards
  4 kobolds
  5 rats
92 creatures vanquished.

Notes
Turn   | Place    | Note
-------+----------+-------------------------------------------
     0 | D:1      | slep the Minotaur Fighter began the quest for the Orb.
     0 | D:1      | Reached XP level 1. HP: 19/19 MP: 0/0
   237 | D:1      | Reached XP level 2. HP: 27/27 MP: 1/1
   742 | D:2      | Reached XP level 3. HP: 33/33 MP: 2/2
  1027 | D:2      | Found a snail-covered altar of Cheibriados.
  1114 | D:3      | Noticed bees's ghost (amateur DrBe)
  1133 | D:3      | Found a shimmering altar of Xom.
  1136 | D:3      | Reached XP level 4. HP: 37/40 MP: 3/3
  1188 | D:3      | Reached skill level 1 in Dodging
  1190 | D:3      | Reached XP level 5. HP: 44/46 MP: 4/4
  1273 | D:3      | Noticed Robin
  1281 | D:3      | Killed Robin
  1630 | D:4      | Reached skill level 5 in Armour
  1707 | D:4      | Found a runed door.
  1739 | D:4      | Noticed an ogre
  1856 | D:4      | Noticed an ogre
  1996 | D:4      | Reached skill level 5 in Shields
  2061 | D:4      | Found a staircase to the Ecumenical Temple.
  2144 | D:4      | Reached XP level 6. HP: 45/53 MP: 5/5
  2195 | D:4      | You fall through a shaft!
  2195 | D:5      | Entered Level 5 of the Dungeon
  2295 | D:5      | Reached skill level 5 in Axes
  2386 | D:5      | Slain by an orc wizard

Vault maps used:
D:1:      evilmike_arrival_crescent, hex_intersection
D:2:      kennysheep_slug_shrine
D:3:      xom_teletrap_fun, uniq_robin
D:4:      minmay_temple_entry_from_below_a, serial_shops, shop,
          uniq_crazy_yiuf_cottage
D:5:      kennysheep_mini, first_bread

Skill      XL: |  1  2  3  4  5  6 |
---------------+-------------------+-----
Shields        | 4 5 |  5.4
Fighting       | 4 |  4.7
Armour         | 4 5 |  5.6
Axes           | 3 4 5 |  5.1
Dodging        | 1 |  1.5

Action                   |  1- 3 |  4- 6 || total
-------------------------+-------+-------++-------
Melee: War axe           |   103 |   134 ||   237
       Headbutt          |    19 |    25 ||    44
  Eat: Chunk             |       |     5 ||     5
Armor: Scale mail        |    40 |    56 ||    96
Dodge: Dodged            |    36 |    62 ||    98
Block: Shield            |    60 |    80 ||   140

Table legend:
 A = Spawn XP
 B = Non-spawn XP
 C = Spawn XP percentage of total XP
 D = Spawn monster count
 E = Non-spawn monster count
 F = Spawn count percentage of total count
 G = Total turns spent on level
                    A         B        C        D         E        F      G
               +---------+---------+-------+---------+---------+-------+---------
         Total |       0 |     624 |   0.0 |       0 |      92 |   0.0 |  2386
               +---------+---------+-------+---------+---------+-------+---------
           D:1 |       0 |      38 |   0.0 |       0 |      22 |   0.0 |   731
           D:2 |       0 |      42 |   0.0 |       0 |      14 |   0.0 |   457
           D:3 |       0 |     175 |   0.0 |       0 |      32 |   0.0 |   435
           D:4 |       0 |     129 |   0.0 |       0 |      14 |   0.0 |   574
           D:5 |       0 |     240 |   0.0 |       0 |      10 |   0.0 |   189
               +---------+---------+-------+---------+---------+-------+---------
